 Dungeon Crawl Stone Soup version 0.20-a0-2-g2b0e13a (console) character file.

7582 brucemayne the Severer (level 11, 0/97 HPs)
             Began as a Hill Orc Monk on Oct 28, 2016.
             Was a Priest of Trog.
             Slain by a manticore (19 damage)
             ... on level 11 of the Dungeon.
             The game lasted 00:20:17 (4183 turns).

brucemayne the Severer (Hill Orc Monk)              Turns: 4183, Time: 00:20:18

Health: 0/97       AC:  8    Str: 18    XL:     11   Next: 17%
Magic:  11/11      EV: 12    Int: 10    God:    Trog [***...]
Gold:   157        SH:  3    Dex: 13    Spells: 0 memorised, 10 levels left

rFire  . . .     SeeInvis .     p - +0 war axe
rCold  . . .     Gourm    .     z - +0 troll leather armour
rNeg   . . .     Faith    .     (no shield)
rPois  +         Spirit   .     n - +0 helmet
rElec  .         Reflect  +     (no cloak)
rCorr  .         Harm     .     (no gloves)
MR     ++...                    D - +1 pair of boots
Stlth  ++........               f - +3 amulet of reflection
                                Q - ring of flight
                                j - ring of poison resistance

@: exhausted, about to teleport, regenerating, slowed, very slow
A: no striking features
a: Berserk, Trog's Hand, Burn Spellbooks, Renounce Religion, Evoke Flight


You were on level 11 of the Dungeon.
You worshipped Trog.
Trog was most pleased with you.
You were near starving.

You visited 2 branches of the dungeon, and saw 13 of its levels.
You also visited: Sewer.

You collected 247 gold pieces.
You spent 90 gold pieces at shops.

Inventory:

Hand Weapons
 a - a +0 hand axe
 p - a +0 war axe (weapon)
 L - a +1 quarterstaff of speed
 S - a cursed +0 blowgun
Missiles
 t - 4 javelins of returning (quivered)
Armour
 b - a +0 robe
 d - a +0 ring mail
 n - a +0 helmet (worn)
 q - a +0 plate armour
 z - a +0 troll leather armour (worn)
 D - a +1 pair of boots (worn)
Jewellery
 f - a +3 amulet of reflection (around neck)
 j - a ring of poison resistance (left hand)
 Q - a ring of flight (right hand)
Wands
 c - a wand of iceblast (8/15)
 h - a wand of confusion (19/48)
 A - a wand of paralysis (14/24)
 C - a wand of disintegration (2/24)
 F - a wand of lightning (8/15)
 P - a wand of flame (15/48)
Scrolls
 g - a scroll of recharging
 i - 2 scrolls of identify
 l - 3 scrolls of blinking
 y - 2 scrolls of enchant weapon
 E - a scroll of immolation {unknown}
Potions
 e - a potion of beneficial mutation {unknown}
 k - 2 potions of degeneration {unknown}
 m - 2 potions of agility {unknown}
 o - a potion of haste {unknown}
 r - a potion of heal wounds {unknown}
 s - a potion of magic {unknown}
 w - 2 potions of might {unknown}
 J - a potion of curing {unknown}
 M - a potion of cure mutation {unknown}
 R - a potion of lignification {unknown}
Books
 x - a book of Minor Magic

   Spells                             Type                      Level
   a - Magic Dart                     Conjuration                  1
   b - Blink                          Translocation                2
   c - Call Imp                       Summoning                    2
   d - Repel Missiles                 Charms/Air                   2
   e - Slow                           Hexes                        2
   f - Conjure Flame                  Conjuration/Fire             3
   g - Mephitic Cloud                 Conjuration/Poison/Air       3
   Trog disapproves of the use of such an item.
 B - a book of Geomancy

   Spells                             Type                      Level
   a - Sandblast                      Earth                        1
   b - Passwall                       Transmutation/Earth          2
   c - Stone Arrow                    Conjuration/Earth            3
   d - Petrify                        Transmutation/Earth          4
   e - Lee's Rapid Deconstruction     Earth                        5
   Trog disapproves of the use of such an item.
Comestibles
 u - 2 chunks of flesh
 H - 3 meat rations
 I - 2 royal jellies
 K - a bread ration


   Skills:
 + Level 9.4 Fighting
 + Level 17.7 Axes
 - Level 5.1 Armour
 - Level 2.4 Dodging
 - Level 1.5 Stealth


You had 10 spell levels left.
You didn't know any spells.

Dungeon Overview and Level Annotations

Branches:
Dungeon (12/15)            Temple (1/1) D:4
   Lair: D:8-11         Orc: D:9-12

Altars:
Ashenzari
Cheibriados
Elyvilon
Fedhas
Gozag
Hepliaklqana
Kikubaaqudgha
Makhleb
Nemelex Xobeh
Okawaru
Qazlal
Ru
Sif Muna
Trog
Uskayaw
Vehumet
Xom
Yredelemnul
Zin

Shops:
D:4 *?*   D:8 ?

Annotations:
D:8 4 runed doors, exclusion: downstairs
D:10 CypherZel's ghost, journeyman TrFi


Message History

The manticore bites you but does no damage.
The manticore claws you. x2
* * * LOW HITPOINT WARNING * * *
Unknown command.
Unknown command.
You hit the manticore.
The manticore is heavily wounded.
The manticore closely misses you. The manticore misses you.
The manticore claws you.
* * * LOW HITPOINT WARNING * * *
Unknown command.
You hit the manticore.
The manticore is heavily wounded.
The manticore barely misses you. x2; The manticore claws you!
* * * LOW HITPOINT WARNING * * *
Unknown command.
You hit the manticore.
The manticore is heavily wounded.
The manticore bites you!!
You die...

................#
########
.....)..........###
.............#....#
..............###.
............#..# ##
...........###.#
#.#######...##.####
..#
###.##..†.###...
.### #....#@.....#
...# ####.H.......#
.#.# ###.)......
.#... ..#####..#
..# .##..# ### ..
...# .# .##
##.##(.. .# ##
#....H# # #..#
###.#...#.H #.##
#.....#....


You could see a manticore.

Vanquished Creatures
  Erolcha (D:9)
  A hill giant (D:11)
  2 cyclopes
  2 gargoyles (D:10)
  2 trolls
  A two-headed ogre (D:6)
  3 hippogriffs
  A wyvern (D:9)
  6 yaks (D:11)
  The ghost of syranez the Chopper, an amateur MfBe of Trog (D:3)
  2 ice beasts
  An orc warrior (D:9)
  A sky beast (D:10)
  A black bear (D:7)
  5 phantoms
  2 ogres
  3 centaurs
  A big kobold (D:8)
  2 bullfrogs (D:11)
  3 scorpions
  A wyvern skeleton (D:9)
  3 killer bees (D:9)
  A howler monkey (D:11)
  3 crimson imps
  A bullfrog zombie (D:11)
  A quasit (D:9)
  2 bullfrog skeletons
  4 hounds
  A gnoll shaman (D:5)
  2 orc priests
  A jelly (D:11)
  5 worker ants
  2 iguanas
  3 orc wizards
  A hound skeleton (D:5)
  A worker ant zombie (D:6)
  4 gnolls (D:5)
  5 adders
  5 river rats (Sewer)
  2 adder skeletons
  6 leopard geckos
  19 orcs
  4 ball pythons
  7 giant cockroaches
  A quokka (D:5)
  2 bats
  6 frilled lizards
  5 kobolds
  10 rats
149 creatures vanquished.

Notes
Turn   | Place    | Note
-------+----------+-------------------------------------------
     0 | D:1      | brucemayne the Hill Orc Monk began the quest for the Orb.
     0 | D:1      | Reached XP level 1. HP: 19/19 MP: 1/1
    84 | D:2      | Found a bloodstained altar of Trog.
    99 | D:2      | Became a worshipper of Trog the Wrathful
    99 | D:2      | Reached * piety under Trog
    99 | D:2      | Reached ** piety under Trog
   125 | D:2      | Found a glowing silver altar of Zin.
   275 | D:2      | Reached XP level 2. HP: 21/26 MP: 2/2
   330 | D:3      | Noticed syranez's ghost (amateur MfBe)
   344 | D:3      | Killed syranez's ghost
   344 | D:3      | Reached skill level 7 in Axes
   344 | D:3      | Reached XP level 3. HP: 31/31 MP: 3/3
   344 | D:3      | Reached XP level 4. HP: 39/39 MP: 4/4
   344 | D:3      | Reached XP level 5. HP: 45/45 MP: 5/5
   415 | D:4      | Found a stormy altar of Qazlal.
   427 | D:4      | Found a staircase to the Ecumenical Temple.
   430 | D:4      | Found Ywkaro Gait's Assorted Antiques.
   434 | Temple   | Entered the Ecumenical Temple
   524 | D:4      | Reached skill level 8 in Axes
   565 | D:4      | Found Jeustries's Magic Scroll Shoppe.
   579 | D:4      | Found Ettabora's General Store.
   733 | D:4      | Noticed an ogre
   745 | D:4      | Killed an ogre
   745 | D:4      | Reached skill level 9 in Axes
   745 | D:4      | Reached XP level 6. HP: 47/51 MP: 6/6
   915 | D:4      | Found a glowing drain.
   945 | Sewer    | Entered a sewer
  1260 | D:4      | Noticed a phantom
  1295 | D:5      | Entered Level 5 of the Dungeon
  1317 | D:5      | Killed a phantom
  1317 | D:5      | Reached skill level 10 in Axes
  1317 | D:5      | Reached XP level 7. HP: 57/57 MP: 7/7
  1361 | D:5      | Noticed a hand axe
  1361 | D:5      | Noticed a dagger
  1362 | D:5      | Found a hide-covered altar of Uskayaw.
  1531 | D:6      | Reached skill level 11 in Axes
  1651 | D:5      | Reached *** piety under Trog
  1687 | D:6      | Received a gift from Trog
  1853 | D:5      | Reached skill level 12 in Axes
  1853 | D:5      | Reached XP level 8. HP: 36/64 MP: 8/8
  2095 | D:6      | Noticed a troll
  2110 | D:6      | Killed a troll
  2110 | D:6      | Reached skill level 13 in Axes
  2136 | D:6      | Noticed a two-headed ogre
  2169 | D:6      | Killed a two-headed ogre
  2319 | D:9      | Found a sacrificial altar of Ru.
  2335 | D:9      | Reached skill level 14 in Axes
  2354 | D:9      | Noticed a wyvern
  2366 | D:8      | Noticed a polar bear
  2366 | D:8      | Noticed a polar bear
  2366 | D:8      | Found a huge runed gate.
  2366 | D:8      | Found a huge runed gate.
  2366 | D:8      | Found a huge runed gate.
  2366 | D:8      | Noticed a yak
  2366 | D:8      | Noticed a polar bear
  2367 | D:8      | Noticed a polar bear
  2367 | D:8      | Noticed a hippogriff
  2369 | D:8      | Noticed a death yak
  2369 | D:8      | Found a huge runed gate.
  2369 | D:8      | Noticed a hippogriff
  2369 | D:8      | Noticed a hippogriff
  2385 | D:8      | Noticed a hippogriff
  2385 | D:8      | Noticed a hippogriff
  2386 | D:8      | Noticed a polar bear
  2386 | D:8      | Noticed a polar bear
  2386 | D:8      | Noticed a yak
  2387 | D:8      | Noticed a dream sheep
  2400 | D:8      | Noticed a hippogriff
  2425 | D:8      | Killed a hippogriff
  2425 | D:8      | Reached XP level 9. HP: 49/70 MP: 9/9
  2543 | D:8      | Found Ficvyvezorgh's Magic Scroll Boutique.
  2552 | D:8      | Bought a scroll of enchant weapon for 90 gold pieces
  2632 | D:10     | Entered Level 10 of the Dungeon
  2632 | D:10     | Noticed a gargoyle
  2642 | D:10     | Killed a gargoyle
  2642 | D:10     | Reached skill level 15 in Axes
  2712 | D:10     | Noticed a gargoyle
  2722 | D:9      | Noticed Erolcha
  2736 | D:9      | Found a basalt altar of Yredelemnul.
  2763 | D:9      | Killed Erolcha
  2763 | D:9      | Reached skill level 16 in Axes
  2785 | D:9      | Noticed a troll
  2836 | D:9      | Killed a troll
  2836 | D:9      | Reached XP level 10. HP: 80/80 MP: 10/10
  2986 | D:7      | Reached skill level 5 in Fighting
  3504 | D:9      | Found a sparkling altar of Nemelex Xobeh.
  3577 | D:10     | Killed a gargoyle
  3577 | D:10     | Reached skill level 5 in Armour
  3597 | D:10     | Noticed CypherZel's ghost (journeyman TrFi)
  3664 | D:11     | Noticed a cyclops
  3706 | D:11     | Killed a cyclops
  3822 | D:9      | Reached skill level 17 in Axes
  3863 | D:10     | Noticed a cyclops
  3881 | D:10     | Killed a cyclops
  3966 | D:11     | Noticed a hill giant
  3986 | D:11     | Killed a hill giant
  3986 | D:11     | Reached XP level 11. HP: 79/95 MP: 11/11
  4014 | D:11     | Noticed a manticore
  4063 | D:11     | Found a blossoming altar of Fedhas.
  4183 | D:11     | Slain by a manticore

Vault maps used:
D:1:      dpeg_arrival_central
D:2:      zin_statuary, trog_butcher_becter, uniq_jessica, uniq_natasha
D:3:      nicolae_ru_sacrificial_ziggurat, fedhas_altar_2
D:4:      grunt_dithmenos_shadows, grunt_qazlal_clouds, gup_sewer_entry_pipe,
          serial_shops, kennysheep_mini, kennysheep_little_box, shop_statue,
          nicolae_shop_crystal, shop
D:5:      dancing_weapons_uskayaw, first_bread
D:6:      nicolae_tso_besieged_by_evil, nrook_mini_backslash
D:7:      marbit_many_paths, grunt_ministairs_9, hangedman_decor_growths
D:8:      lemuel_bear_cage, serial_shops, shop, uniq_maurice
D:9:      lemuel_doored_altar, nemelex_xobeh_ov_fountains_minmay, basic_altar,
          uniq_erolcha, uniq_psyche
D:10:     hangedman_fish_farm, grunt_decor_resistance,
          minmay_misc_feat_four_crosses
D:11:     lair_0_dummy, basic_altar, lightli_corner_chamber
Temple:   chequers_temple_sunken
Sewer:    sewer_co_cracked_pipes

Skill      XL: |  1  2  3  4  5  6  7  8  9 10 11 |
---------------+----------------------------------+-----
Axes           | 7 9 10 12 14 16 17 | 17.7
Fighting       | 4 8 9 |  9.4
Armour         | 2 5 |  5.1
Dodging        | |  2.4
Stealth        | |  1.5

Action                   |  1- 3 |  4- 6 |  7- 9 | 10-12 || total
-------------------------+-------+-------+-------+-------++-------
Melee: Hand axe          |    34 |   176 |   121 |       ||   331
       War axe           |       |       |   160 |   215 ||   375
Invok: Berserk           |     1 |     2 |     9 |     7 ||    19
       Trog's Hand       |       |     2 |     4 |     4 ||    10
Evoke: Wand              |       |       |     4 |     6 ||    10
  Use: Scroll            |       |       |     5 |     7 ||    12
 Stab: Paralysed         |       |       |     1 |     4 ||     5
       Sleeping          |       |       |     1 |     1 ||     2
       Distracted        |       |       |       |     1 ||     1
  Eat: Beef jerky        |       |     1 |     1 |     1 ||     3
       Chunk             |       |     2 |     8 |     9 ||    19
       Pizza             |       |     1 |     1 |       ||     2
       Bread ration      |       |       |     1 |       ||     1
Armor: Ring mail         |    13 |     3 |       |       ||    16
       Robe              |     4 |       |       |       ||     4
       Plate armour      |       |    89 |    91 |       ||   180
       Troll leather arm |       |       |    22 |    68 ||    90
Dodge: Dodged            |    21 |    43 |    87 |   124 ||   275
Block: Other             |     4 |    10 |    26 |    18 ||    58
       Reflection        |       |       |     1 |     3 ||     4
